Map: [ESL] NeoHumanity

Players

ShoWTimE - Winner!

  • Race: Protoss Protoss

Astrea

  • Race: Protoss Protoss
  • League: Diamond

Event: IEM Katowice 2023

VOD

Have the link to the VOD?

Description

Time

  • Played on: Feb. 11, 2023, 6:43 a.m.
  • Length: 17:05

All games in this series

Show
View Real Time Build Order
Export as new Build Order

ShoWTimE Protoss - Winner!

Build Orders: Phoenix Opening 

Get SALT Encoding   

  12  0:00  Probe  
  13  0:12  Probe  
  14  0:17  Pylon  
  14  0:24  Probe (Chrono Boost)  
  15  0:36  Gateway, Probe (Chrono Boost)  
  16  0:44  Probe (Chrono Boost)  
  16  0:46  Assimilator  
  17  0:51  Probe  
  18  1:00  Assimilator  
  18  1:03  Probe (Chrono Boost)  
  19  1:09  Gateway  
  19  1:13  Probe (Chrono Boost)  
  19  1:18  Probe (Chrono Boost)  
  21  1:25  Cybernetics Core  
  21  1:29  Probe  
  22  1:36  Pylon  
  22  1:43  Pylon  
  22  1:47  Probe  
  23  2:02  Stalker x2  
  23  2:05  Warp Gate  
  26  2:32  Stalker x2  
  26  2:33  Pylon  
  30  2:56  Nexus  
  30  2:59  Probe  
  30  3:05  Sentry x2  
  33  3:11  Probe  
  36  3:17  Pylon  
  36  3:23  Probe  
  37  3:35  Probe  
  37  3:40  Phoenix  
  36  3:47  Probe  
  37  3:51  Shield Battery  
  37  3:52  Twilight Council  
  37  3:56  Sentry  
  37  3:57  Stalker  
  37  3:59  Probe  
  43  4:11  Stalker x2  
  42  4:18  Robotics Facility  
  42  4:20  Stalker x2  
  42  4:23  Shield Battery  
  46  4:33  Gateway  
  46  4:44  Stalker x2  
  50  5:02  Immortal (Chrono Boost)  
  50  5:07  Stalker  
  46  5:16  Stalker  
  44  5:25  Stalker  
  42  5:28  Stalker  
  42  5:34  Warp Prism  
  40  5:39  Stalker  
  38  5:48  Stalker  
  38  5:51  Stalker  
  38  6:05  Stalker  
  40  6:13  Stalker  
  42  6:22  Stalker  
  42  6:24  Probe x2  
  43  6:33  Stalker  
  43  6:37  Stalker  
  46  6:46  Stalker  
  49  6:54  Probe x2  
  49  6:59  Stalker  
  52  7:08  Probe x2 (Chrono Boost)  
  52  7:20  Probe x2 (Chrono Boost)  
  52  7:21  Sentry  
  56  7:26  Probe x2 (Chrono Boost), Stalker  
  60  7:34  Probe x2  
  62  7:48  Pylon  
  62  7:57  Twilight Council  
  62  8:08  Pylon  
  62  8:10  Pylon  
  62  8:19  Gateway  
  62  8:23  Pylon  
  62  8:26  Probe x2, Observer  
  65  8:27  Sentry  
  65  8:30  Assimilator  
  67  8:36  Blink (Chrono Boost)  
  67  8:39  Probe x2 (Chrono Boost)  
  69  8:42  Phoenix  
  69  8:43  Pylon  
  69  8:45  Nexus  
  69  8:48  Probe x2 (Chrono Boost)  
  71  8:53  Probe x2 (Chrono Boost)  
  73  9:04  Immortal  
  73  9:05  Probe x2  
  73  9:06  Shield Battery  
  79  9:17  Probe x2  
  79  9:18  Forge  
  79  9:22  Stalker x2  
  85  9:29  Probe x2  
  87  9:35  Stalker x2  
  91  9:41  Protoss Ground Weapons Level 1 (Chrono Boost), Probe x2  
  93  9:47  Warp Prism  
  94  9:54  Pylon  
  94  9:57  Probe x2  
  96  10:02  Probe  
  96  10:05  Pylon  
  97  10:09  Probe  
  97  10:11  Robotics Bay  
  97  10:14  Assimilator  
  98  10:18  Stalker x2  
  102  10:26  Pylon, Stalker  
  104  10:29  Photon Cannon  
  104  10:36  Pylon  
  104  10:41  Photon Cannon  
  104  10:45  Robotics Facility  
  104  10:52  Nexus  
  104  10:54  Probe x3  
  104  10:56  Disruptor (Chrono Boost)  
  110  11:05  Stalker x2  
  114  11:13  Stalker x2  
  118  11:20  Gateway x2  
  118  11:21  Probe x3  
  121  11:27  Pylon  
  121  11:32  Disruptor  
  118  11:43  Gateway, Probe x2  
  118  11:44  Probe, Protoss Ground Weapons Level 2 (Chrono Boost)  
  118  11:46  Gateway  
  121  11:47  Pylon, Assimilator  
  121  11:49  Assimilator  
  121  11:55  Probe  
  121  11:59  Zealot x4  
  130  12:07  Photon Cannon  
  130  12:09  Disruptor  
  133  12:18  Disruptor  
  133  12:22  Stalker  
  134  12:25  Probe  
  134  12:28  Stalker  
  137  12:34  Zealot x4  
  145  12:37  Charge  
  145  12:41  Probe x3  
  145  12:42  Probe  
  143  12:46  Pylon, Photon Cannon, Disruptor  
  144  13:00  Stalker x5  
  154  13:07  Stalker x2  
  154  13:08  Stalker  
  160  13:15  Observer  
  161  13:21  Pylon  
  161  13:24  Photon Cannon  
  161  13:26  Shield Battery, Disruptor (Chrono Boost)  
  164  13:28  Pylon  
  164  13:31  Probe x2  
  166  13:36  Photon Cannon  
  166  13:39  Photon Cannon  
  166  13:40  Observer (Chrono Boost)  
  167  13:41  Photon Cannon x2  
  167  13:43  Stalker x3  
  173  13:49  Protoss Ground Weapons Level 3 (Chrono Boost)  
  173  13:51  Probe x2  
  175  14:01  Zealot x5  
  183  14:04  Gravitic Boosters  
  183  14:05  Observer  
  183  14:06  Probe x2  
  186  14:19  Stalker x2  
  186  14:20  Nexus  
  190  14:27  Stargate, Zealot x3  
  192  14:39  Zealot x2  
  190  14:51  Zealot x6  
  190  14:52  Disruptor  
  187  15:06  Disruptor  
  148  15:14  Zealot x8  
  164  15:22  Pylon, Observer  
  164  15:26  Probe x3  
  164  15:28  Disruptor  
  163  15:35  Zealot x4  
  163  15:36  Zealot x4  
  179  15:46  Disruptor  
  176  15:54  Photon Cannon  
  176  15:57  Photon Cannon  
  176  16:00  Photon Cannon, Stalker x7  
  180  16:16  Stalker  
  176  16:21  Gateway  
  176  16:23  Observer  
  176  16:24  Gateway  
  169  16:33  Stalker x7  
  181  16:40  Pylon  
  181  16:44  Pylon  
  174  16:49  Stalker  
  172  16:58  Gateway  
Show
View Real Time Build Order
Export as new Build Order

Astrea Protoss 

Build Orders: Blink Stalkers 

Get SALT Encoding   

  12  0:00  Probe  
  13  0:12  Probe  
  14  0:16  Pylon  
  14  0:24  Probe (Chrono Boost)  
  16  0:36  Probe (Chrono Boost)  
  16  0:37  Gateway  
  16  0:43  Probe (Chrono Boost)  
  16  0:46  Assimilator  
  17  0:51  Probe  
  18  1:03  Probe (Chrono Boost)  
  20  1:12  Probe (Chrono Boost)  
  20  1:18  Probe  
  20  1:22  Pylon  
  20  1:23  Assimilator  
  21  1:25  Cybernetics Core  
  21  1:30  Probe  
  22  1:40  Zealot  
  22  1:42  Probe  
  25  1:55  Probe  
  26  2:01  Warp Gate  
  26  2:04  Stalker (Chrono Boost)  
  26  2:07  Probe  
  29  2:19  Probe  
  30  2:34  Stalker  
  31  2:37  Twilight Council  
  31  2:43  Gateway x2  
  31  2:44  Pylon  
  31  2:47  Shield Battery  
  31  3:04  Stalker  
  33  3:15  Blink (Chrono Boost)  
  33  3:25  Pylon x2  
  33  3:43  Shield Battery  
  33  3:46  Gateway  
  33  3:50  Stalker x3  
  38  4:16  Stalker  
  38  4:17  Stalker x2  
  44  4:22  Pylon  
  44  4:24  Assimilator  
  44  4:27  Pylon  
  44  4:40  Stalker x2  
  48  4:48  Stalker  
  50  4:57  Stalker  
  52  5:06  Stalker  
  44  5:24  Stalker x2  
  44  5:27  Stalker  
  48  5:36  Stalker  
  46  5:48  Stalker  
  42  5:51  Stalker  
  42  6:04  Stalker  
  42  6:07  Stalker  
  46  6:24  Stalker x2  
  46  6:37  Sentry  
  48  6:53  Nexus  
  44  6:56  Probe (Chrono Boost)  
  45  7:04  Phoenix  
  45  7:05  Probe (Chrono Boost)  
  46  7:10  Probe (Chrono Boost)  
  47  7:22  Assimilator, Probe  
  48  7:34  Shield Battery, Probe  
  47  7:44  Adept x2  
  47  7:47  Probe  
  47  7:49  Sentry x2  
  54  7:57  Robotics Facility  
  54  7:59  Probe  
  54  8:08  Probe (Chrono Boost), Phoenix  
  54  8:11  Probe (Chrono Boost)  
  56  8:15  Pylon, Sentry  
  56  8:19  Probe (Chrono Boost)  
  60  8:21  Probe (Chrono Boost)  
  60  8:24  Probe (Chrono Boost)  
  60  8:25  Probe (Chrono Boost)  
  61  8:31  Pylon  
  62  8:35  Probe  
  63  8:41  Assimilator  
  63  8:42  Probe  
  63  8:45  Observer (Chrono Boost)  
  63  8:46  Robotics Bay  
  63  8:47  Probe  
  66  8:49  Assimilator  
  66  8:54  Probe  
  67  8:56  Forge  
  67  9:06  Probe x2  
  69  9:18  Nexus, Probe x2  
  71  9:24  Protoss Ground Weapons Level 1 (Chrono Boost)  
  71  9:30  Probe  
  72  9:32  Probe  
  72  9:33  Disruptor (Chrono Boost)  
  76  9:42  Probe  
  76  9:44  Probe  
  78  9:46  Phoenix  
  78  9:53  Robotics Facility  
  78  9:57  Pylon  
  78  10:00  Pylon  
  78  10:09  Pylon  
  78  10:11  Photon Cannon  
  78  10:13  Disruptor (Chrono Boost)  
  78  10:15  Probe x2  
  78  10:20  Photon Cannon  
  83  10:21  Shield Battery  
  83  10:26  Photon Cannon  
  83  10:27  Probe x2  
  85  10:31  Probe  
  86  10:39  Probe x2  
  86  10:40  Disruptor (Chrono Boost)  
  91  10:43  Probe  
  91  10:45  Shield Battery  
  91  10:46  Shield Battery, Stalker  
  90  10:50  Stalker x2  
  90  10:51  Disruptor (Chrono Boost)  
  97  11:00  Photon Cannon  
  97  11:01  Observer  
  97  11:02  Pylon  
  97  11:07  Disruptor (Chrono Boost)  
  100  11:17  Cybernetics Core  
  100  11:18  Probe x3  
  102  11:19  Disruptor (Chrono Boost)  
  106  11:26  Assimilator  
  106  11:28  Assimilator  
  103  11:35  Probe  
  103  11:36  Probe  
  103  11:38  Probe  
  106  11:40  Disruptor (Chrono Boost)  
  106  11:44  Protoss Ground Weapons Level 2 (Chrono Boost)  
  106  11:46  Dark Shrine  
  109  11:55  Disruptor (Chrono Boost)  
  109  11:57  Nexus  
  109  11:59  Pylon  
  109  12:00  Charge  
  112  12:02  Stalker x2  
  116  12:20  Stalker  
  115  12:28  Probe  
  115  12:29  Probe x2  
  114  12:34  Shield Battery, Photon Cannon  
  114  12:35  Pylon  
  114  12:40  Stalker x2  
  114  12:41  Probe x3  
  114  12:43  Pylon  
  119  12:46  Pylon  
  119  12:53  Probe x2  
  119  12:57  Observer  
  121  12:58  Probe  
  122  13:05  Probe  
  122  13:07  Shadow Stride (Chrono Boost)  
  122  13:10  Probe x2  
  122  13:11  Probe  
  132  13:13  Photon Cannon  
  132  13:14  Photon Cannon  
  132  13:15  Photon Cannon  
  132  13:21  Dark Templar x3, Observer x2  
  132  13:26  Gateway  
  134  13:28  Gateway, Probe  
  134  13:29  Gateway  
  134  13:32  Pylon, Gateway  
  133  13:34  Probe  
  133  13:37  Probe x2  
  133  13:40  Probe  
  137  13:43  Gateway  
  137  13:45  Gravitic Boosters  
  137  13:47  Gateway  
  135  13:58  Stalker x3  
  135  14:01  Protoss Ground Weapons Level 3 (Chrono Boost)  
  141  14:05  Probe x3  
  141  14:06  Assimilator  
  141  14:07  Pylon  
  141  14:08  Pylon, Assimilator  
  144  14:10  Pylon  
  144  14:21  Stalker x4  
  152  14:35  Dark Templar x3  
  152  14:42  Disruptor x2  
  150  14:46  Stalker x4  
  150  14:49  Probe x3  
  150  14:50  Probe  
  157  14:56  Stalker x2  
  133  15:12  Stalker x7  
  133  15:13  Probe x2  
  136  15:17  Disruptor x2  
  142  15:34  Nexus  
  134  15:51  Zealot x7  
  134  15:52  Zealot x2  
  134  15:53  Photon Cannon, Disruptor  
  134  15:54  Observer  
  134  15:55  Shield Battery  
  153  16:00  Photon Cannon  
  145  16:11  Probe  
  126  16:14  Disruptor  
  126  16:15  Stalker x9  
  126  16:17  Probe  
  137  16:24  Probe x2  
  131  16:30  Probe  
  115  16:36  Probe  
  117  16:44  Zealot x2  
  117  16:46  Probe  
  118  16:51  Probe  

Tags
 
Add a new tag
Caveats
  • Supply blocks, unpowered buildings, or Contaminate may cause inaccurate times.
  • Supply counts are checked every 10 seconds.